 Dungeon Crawl Stone Soup version 0.29.0-11-gd7f09526c8 (webtiles) character file.

Game seed: 10271825082694348326

1 Lochraine the Caller (level 1, 0/16 HPs)
             Began as a Human Wanderer on Sept 3, 2022.
             Slain by an endoplasm (3 damage)
             ... on level 1 of the Dungeon.
             The game lasted 00:00:33 (48 turns).

Lochraine the Caller (Human Wanderer)                 Turns: 48, Time: 00:00:34

Health: 0/16       AC:  0    Str: 15    XL:     1   Next: 22%
Magic:  0/2        EV: 11    Int: 11    God:
Gold:   0          SH:  0    Dex: 10    Spells: 1/2 levels left

rFire   . . .      SeeInvis .   a - +0 mace
rCold   . . .      Faith    .   (no shield)
rNeg    . . .      Spirit   .   (no body armour)
rPois   .          Reflect  .   (no helmet)
rElec   .          Harm     .   (no cloak)
rCorr   .          Rampage  .   (no gloves)
Will    .....                   (no boots)
Stlth   +.........              (no amulet)
HPRegen 0.05/turn               (no ring)
MPRegen 0.08/turn               (no ring)

@: no status effects
A: no striking features
a: no special abilities


You were on level 1 of the Dungeon.
You visited 1 branch of the dungeon, and saw 1 of its levels.

Inventory:

Hand Weapons
 a - a +0 mace (weapon)
Armour
 b - a +0 scale mail
Potions
 c - 4 potions of attraction {!q}


   Skills:
 - Level 2.0 Fighting
 - Level 1.0 Maces & Flails
 - Level 3.0 Armour
 + Level 1.0 Spellcasting
 + Level 3.0 Summonings


You had one spell level left.
You knew the following spells:

 Your Spells              Type           Power      Damage    Failure   Level
a - Summon Small Mammal   Summ           28%        N/A       10%         1

Your spell library contained the following spells:

 Spells                   Type           Power      Damage    Failure   Level
 Call Imp                 Summ           7%         N/A       14%         2
 Animate Armour           Summ/Erth      6%         N/A       86%         4


Dungeon Overview and Level Annotations

Branches:
Dungeon (1/15) Zot: 5949

Altars:


Message History

You continue taking off your +0 scale mail. x4
You finish taking off your +0 scale mail.
c - 2 potions of attraction {!q} (gained 1)
Found 2 potions of attraction.
Found a stone staircase leading down.
c - 4 potions of attraction {!q} (gained 2)
Found a dagger.
Found 10 gold pieces.
A ball python comes into view.
Found 13 gold pieces.
The ball python hisses angrily.
The ball python moves out of view.
You see here a +0 dagger.
An endoplasm comes into view.
The endoplasm quivers.
Your rat barely misses the ball python.
You barely miss the ball python. The ball python bites you.
The ball python barely misses you.
Your rat closely misses the ball python.
The ball python barely misses you. The ball python grabs you.
The ball python constricts you.
You hit the ball python.
Your rat closely misses the ball python.
The ball python bites you. The ball python constricts you.
You closely miss the ball python. The ball python bites you.
* * * LOW HITPOINT WARNING * * *
The ball python constricts you.
* * * LOW HITPOINT WARNING * * *
Your rat closely misses the ball python.
The ball python bites you.
* * * LOW HITPOINT WARNING * * *
The ball python constricts you.
Your rat bites the ball python.
The ball python bites you.
* * * LOW HITPOINT WARNING * * *
The ball python constricts you.
* * * LOW HITPOINT WARNING * * *
Your rat closely misses the ball python.
The ball python barely misses you. The ball python constricts you.
* * * LOW HITPOINT WARNING * * *
Your rat bites the ball python.
The ball python dies!
The endoplasm barely misses you.
Unknown command.
Unknown command.
You hit the endoplasm.
Your rat bites the endoplasm.
The endoplasm hits your rat.
Your rat dies!
Your rat's corpse disappears in a puff of smoke!
Your rat bites the endoplasm but does no damage.
You hit the endoplasm. The endoplasm hits you.
You die...

#.###############
#...>...........#
######.########.# #
#..# #.# #. #<># #.#
#$# #### #.# #..#
#.#
##...#############.#
#.$§J@)............#
##..r###############
#..# #... #.. ....
.... ....


You could see an endoplasm (ally target) and a friendly rat (summoned).

Vanquished Creatures (collateral kills)
  A ball python (D:1)
1 creature vanquished.

Notes
Turn   | Place    | Note
-------+----------+-------------------------------------------
     0 | D:1      | Lochraine the Human Wanderer began the quest for the Orb.
     0 | D:1      | Lochraine set off with the following items: a +0 mace, a +0
                  | scale mail, a potion of attraction {!q}; and the following
                  | spell memorised: Summon Small Mammal; and the following
                  | spells available to memorise: Call Imp, Animate Armour.
     0 | D:1      | Reached XP level 1. HP: 16/16 MP: 2/2
    48 | D:1      | Slain by an endoplasm

Illustrated notes

Levels and vault maps discovered:
D:1:      dpeg_arrival_tiny_a, layout_loops_ring, supply_closet_lemuel,
          minmay_tetromino_o4

Action                   || total
-------------------------++-------
Melee: Mace              ||     5
 Cast: Summon Small Mamm ||     2
Dodge: Dodged            ||     4
